 Dungeon Crawl Stone Soup version 0.25.1-8-g42b30a86e7 (webtiles) character file.

Game seed: 9167766765467336996

3572 Gabide the Spear-Bearer (level 10, -3/76 HPs)
             Began as a Human Abyssal Knight on Dec 5, 2020.
             Was an Elder of Lugonu.
             Slain by a hornet (12 damage)
             ... on level 8 of the Dungeon.
             The game lasted 00:20:50 (10447 turns).

Gabide the Spear-Bearer (Human Abyssal Knight)     Turns: 10447, Time: 00:20:51

Health: -3/76      AC: 11    Str: 14    XL:     10   Next: 31%
Magic:  14/14      EV:  7    Int: 13    God:    Lugonu [****..]
Gold:   169        SH:  0    Dex: 14    Spells: 9/9 levels left

rFire    . . .     SeeInvis .   i - +2 battleaxe
rCold    + . .     Gourm    .   (shield currently unavailable)
rNeg     . . .     Faith    .   l - +4 chain mail {rC+}
rPois    +         Spirit   .   (helmet restricted)
rElec    .         Reflect  .   (no cloak)
rCorr    .         Harm     .   (no gloves)
MR       +....                  n - +0 pair of boots
Stlth    ..........             m - amulet of magic regeneration
HPRegen  0.22/turn              g - ring of protection from magic
MPRegen  0.39/turn              (no ring)

@: brilliant, slowed, very slow
A: antennae 1, deformed body, poison resistance
a: Depart the Abyss, Bend Space, Banish, Corrupt, Renounce Religion


You were on level 8 of the Dungeon.
You worshipped Lugonu.
Lugonu was greatly pleased with you.
You were not hungry.

You visited 1 branch of the dungeon, and saw 8 of its levels.
You visited the Abyss 1 time.

You collected 378 gold pieces.
You spent 209 gold pieces at shops.

Inventory:

Hand Weapons
 i - a +2 battleaxe (weapon)
 j - a +1 halberd
Missiles
 b - 5 datura-tipped darts (quivered)
 t - 18 boomerangs
Armour
 l - a +4 chain mail of cold resistance (worn)
 n - a +0 pair of boots (worn)
 w - the +2 robe of the Enchanted Forest {rPois Str+2}
   (You found it on level 6 of the Dungeon)

   It affects your strength (+2).
   It protects you from poison.
Jewellery
 g - a ring of protection from magic (left hand)
 m - an amulet of magic regeneration (around neck)
Wands
 d - a wand of disintegration (6)
 o - a wand of iceblast (1)
 p - a wand of clouds (6)
 x - a wand of random effects (24)
Scrolls
 s - a scroll of remove curse
 A - 2 scrolls of amnesia
Potions
 e - a potion of flight
 f - 2 potions of magic
 k - a potion of stabbing
Comestibles
 c - 10 rations
 q - 2 chunks of flesh


   Skills:
 + Level 6.1 Fighting
 * Level 4.3(7.3) Axes
 - Level 9.1(9.6) Polearms
 + Level 1.4 Throwing
 + Level 5.3 Armour
 + Level 2.9 Dodging
 - Level 0.3 Stealth
 * Level 6.6 Invocations


You had 9 spell levels left.
You didn't know any spells.
Your spell library contained the following spells:

 Spells                   Type           Power        Failure   Level  Hunger
 Magic Dart               Conj           #...         99%         1    None
 Blink                    Tloc           N/A          100%        2    None
 Call Imp                 Summ           #.......     100%        2    None
 Slow                     Hex            #.......     100%        2    None
 Conjure Flame            Conj/Fire      #.......     100%        3    None
 Mephitic Cloud           Conj/Pois/Air  #.......     100%        3    None


Dungeon Overview and Level Annotations

Branches:
Dungeon (8/15)             Temple (0/1) D:4
   Lair: D:8-11

Altars:
Okawaru
Qazlal
Trog

Shops:
D:5 ??([


Innate Abilities, Weirdness & Mutations

You have a pair of small antennae on your head.
Armour fits poorly on your strangely shaped body.
Your system is resistant to poisons. (rPois)


Message History

You feel sick. The hornet stings you!
* * * LOW HITPOINT WARNING * * *
You feel as though you will be slow longer.
The hornet stings you.
* * * LOW HITPOINT WARNING * * *
You suddenly lose the ability to move!
The hornet stings you but does no damage.
You can move again.
It was a potion of mutation.
You feel extremely strange.
Your body twists and deforms.
You feel resistant to poisons. A pair of antennae grows on your head!
The hornet barely misses you. The hornet closely misses you.
The hornet stings you.
* * * LOW HITPOINT WARNING * * *
It was a potion of brilliance.
You feel clever all of a sudden.
You feel sick.
You are no longer poisoned.
The hornet stings you!
You die...

####### ##.....##
#a÷..#..#
#y###.### #@#.#.#
#.##§#.#
##########.#%#.##
#..........## #a#
#.########## ##
#.# #.# #)# ####
#.# #..


You could see a soldier ant and a hornet.

Vanquished Creatures
  A two-headed ogre (D:8)
  Sigmund (D:2)
  An orc warrior (D:8)
  An ice beast (D:7)
  A phantom (D:5)
  2 sky beasts
  A black bear (D:6)
  2 ogres
  3 centaurs
  A big kobold (D:7)
  2 bullfrogs
  Blork the orc (D:6)
  4 wights (D:8)
  4 howler monkeys
  4 crimson imps
  A bullfrog zombie (D:6)
  2 jellies
  5 orc wizards
  6 orc priests
  2 bullfrog skeletons
  5 hounds
  Jessica (D:2)
  An iguana (D:5)
  7 worker ants
  A howler monkey zombie (D:5)
  5 gnolls (D:4)
  8 adders
  3 shadow imps
  An adder skeleton (D:4)
  4 worms
  2 dart slugs
  6 leopard geckos
  32 orcs
  7 giant cockroaches
  5 goblins
  5 hobgoblins
  8 jackals
  A quokka (D:8)
  A ball python (D:3)
  5 bats
  2 frilled lizards
  A jackal zombie (D:5)
  11 kobolds
  A quokka skeleton (D:4)
  A rat (D:3)
169 creatures vanquished.

Vanquished Creatures (collateral kills)
  3 orcs (D:6)
3 creatures vanquished.

Vanquished Creatures (others)
  An orc wizard (D:8)
1 creature vanquished.

Grand Total: 173 creatures vanquished

Notes
Turn   | Place    | Note
-------+----------+-------------------------------------------
     0 | Abyss:1  | Gabide the Human Abyssal Knight began the quest for the
                  | Orb.
     0 | Abyss:1  | Reached XP level 1. HP: 18/18 MP: 2/2
     0 | Abyss:1  | Found a corrupted altar of Lugonu.
    65 | Abyss:1  | Noticed a quasit
    67 | D:1      | Escaped the Abyss
   409 | D:1      | Reached XP level 2. HP: 15/24 MP: 3/3
   977 | D:1      | Reached * piety under Lugonu
  1235 | D:2      | Noticed Jessica
  1430 | D:2      | Killed Jessica
  1430 | D:2      | Reached XP level 3. HP: 29/29 MP: 4/4
  1712 | D:2      | Reached XP level 4. HP: 37/37 MP: 4/6
  1876 | D:2      | Noticed Sigmund
  1896 | D:2      | Killed Sigmund
  1896 | D:2      | Reached skill level 3 in Polearms
  1896 | D:2      | Reached XP level 5. HP: 28/42 MP: 7/7
  1896 | D:2      | Reached XP level 6. HP: 32/48 MP: 8/8
  2386 | D:2      | Found a bloodstained altar of Trog.
  2387 | D:2      | Found a stormy altar of Qazlal.
  2729 | D:3      | Reached ** piety under Lugonu
  3258 | D:3      | Reached XP level 7. HP: 25/55 MP: 9/9
  3895 | D:3      | You fall into a shaft and drop 1 floor!
  3905 | D:4      | Reached skill level 4 in Polearms
  3915 | D:4      | HP: 1/55 [jackal (2)]
  3994 | D:4      | HP: 1/55 [gnoll/+0 whip (3)]
  4320 | D:4      | Found an iron altar of Okawaru.
  4446 | D:4      | Found a staircase to the Ecumenical Temple.
  5156 | D:5      | Entered Level 5 of the Dungeon
  5208 | D:5      | Reached skill level 5 in Polearms
  5229 | D:5      | Reached XP level 8. HP: 30/61 MP: 11/11
  5557 | D:5      | Reached skill level 6 in Polearms
  5701 | D:5      | Found Karohaj's Magic Scroll Shop.
  5709 | D:5      | Bought a scroll of enchant armour for 112 gold pieces
  5783 | D:5      | Found Vusse's Magic Scroll Boutique.
  5788 | D:5      | Bought a scroll of enchant weapon for 97 gold pieces
  5848 | D:5      | Found Hoffea's Antique Weapon Shoppe.
  5921 | D:5      | Found Murej's Armour Shoppe.
  5985 | D:5      | Reached skill level 1 in Throwing
  6412 | D:5      | Reached skill level 5 in Invocations
  6692 | D:6      | Noticed Blork the orc
  6706 | D:6      | Reached skill level 7 in Polearms
  6731 | D:6      | Killed Blork the orc
  6731 | D:6      | Reached *** piety under Lugonu
  6731 | D:6      | Reached XP level 9. HP: 23/67 MP: 12/12
  6951 | D:6      | Got a creamy pearl robe
  6952 | D:6      | Identified the +2 robe of the Enchanted Forest {rPois
                  | Str+2} (You found it on level 6 of the Dungeon)
  7226 | D:6      | Reached skill level 5 in Fighting
  7582 | D:6      | Reached skill level 8 in Polearms
  8843 | D:8      | Reached **** piety under Lugonu
  8848 | D:8      | Reached skill level 9 in Polearms
  9023 | D:8      | Reached skill level 5 in Armour
  9552 | D:8      | Reached XP level 10. HP: 76/76 MP: 14/14
  9615 | D:8      | Reached skill level 1 in Axes
  9850 | D:8      | Identified the cursed +0 spear of the Nexus {venom, rF+
                  | Str-2 Int+6}
 10158 | D:8      | Noticed a two-headed ogre
 10182 | D:8      | Killed a two-headed ogre
 10432 | D:8      | Paralysed by a hornet for 1 turns
 10444 | D:8      | Paralysed by a hornet for 2 turns
 10446 | D:8      | Gained mutation: Armour fits poorly on your strangely
                  | shaped body. [potion of mutation]
 10446 | D:8      | Gained mutation: Your system is resistant to poisons.
                  | (rPois) [potion of mutation]
 10446 | D:8      | Gained mutation: You have a pair of small antennae on your
                  | head. [potion of mutation]
 10447 | D:8      | Slain by a hornet

Illustrated notes

Levels and vault maps discovered:
D:1:      lightli_arrival_quake, layout_basic, chequers_serial_rivers_room_a
D:2:      layout_basic, gammafunk_temple_overflow_statue, serial_corexii_hall,
          corexii_hall_statues_i, corexii_hall_statues_i, uniq_sigmund,
          uniq_jessica
D:3:      wad_river_or_something, layout_basic, nicolae_ru_path_of_blood,
          first_ration
D:4:      layout_loops_ring, okawaru_metal_pillars_1_2,
          minmay_temple_entry_gardened_gates
D:5:      layout_basic, serial_shops, shop, kennysheep_mini_moat, shop,
          nicolae_shop_waterfront, lemuel_flame_loot_1
D:6:      layout_basic, item_on_display_a, uniq_blork_the_orc
D:7:      layout_loops_ring, hangedman_decor_growths
D:8:      layout_loops_ring, nicolae_ashenzari_panopticon,
          hangedman_pestilent_swarm, grunt_ministairs_15, minmay_misc_feat_chi

Skill      XL: |  1  2  3  4  5  6  7  8  9 10 |
---------------+-------------------------------+-----
Fighting       | 4 5 6 |  6.1
Polearms       | 3 5 7 9 |  9.1
Armour         | 3 4 5 |  5.3
Invocations    | 3 4 5 6 |  6.6
Dodging        | 2 |  2.9
Throwing       | 1 |  1.4
Axes           | 4 |  4.3
Stealth        | |  0.3

Action                   |  1- 3 |  4- 6 |  7- 9 | 10-12 || total
-------------------------+-------+-------+-------+-------++-------
Melee: Spear             |    67 |    24 |       |       ||    91
       Scythe            |       |   144 |    57 |       ||   201
       Halberd           |       |       |   426 |       ||   426
       Battleaxe         |       |       |    25 |    46 ||    71
Throw: Stone             |    15 |     3 |     2 |       ||    20
       Throwing net      |       |       |     3 |       ||     3
       Boomerang         |       |       |     6 |       ||     6
       Dart              |       |       |     6 |     2 ||     8
Invok: Depart the Abyss  |     1 |       |       |       ||     1
       Bend Space        |       |       |     2 |     4 ||     6
       Banish            |       |       |       |     1 ||     1
Evoke: Wand              |       |       |     5 |     9 ||    14
  Use: Scroll            |     2 |     4 |    12 |     1 ||    19
       Potion            |       |     3 |     5 |     6 ||    14
 Stab: Distracted        |       |       |     2 |       ||     2
  Eat: Chunk             |     1 |     7 |    14 |     3 ||    25
       Ration            |       |       |     2 |       ||     2
Armor: Leather armour    |    13 |       |       |       ||    13
       Ring mail         |     5 |     1 |       |       ||     6
       Scale mail        |       |    41 |       |       ||    41
       Chain mail        |       |    86 |   347 |    59 ||   492
       Skin              |       |       |     7 |       ||     7
Dodge: Dodged            |    17 |   109 |   182 |    27 ||   335
